 Dungeon Crawl Stone Soup version 0.31.0-1-g2c135a008e (webtiles) character file.

Game seed: 4618258363334102754

35003 qw the Skirmisher (level 14, -6/103 HPs)
             Began as a Djinni Hunter on Jan 23, 2024.
             Was a High Priest of Okawaru.
             Mangled by an eight-headed hydra (11 damage)
             ... on level 5 of the Lair of Beasts.
             The game lasted 00:01:38 (11483 turns).

qw the Skirmisher (Djinni Hunter)                  Turns: 11483, Time: 00:01:39

Health: -6/103     AC: 15    Str: 10    XL:     14   Next: 16%
Gold:   554        EV: 25    Int: 10    God:    Okawaru [*****.] SH:  0 Dex: 31

rFire   + + .        r - +3 shortbow (heavy)
rCold   x . .        (shield currently unavailable)
rNeg    . . .        k - +2 ring mail {rPois}
rPois   inf          n - +0 helmet
rElec   .            h - +1 cloak
rCorr   .            d - +2 pair of gloves
SInv    .            (boots unavailable)
Will    +....        f - amulet "Foxipsetz" {Regen+ Dex+2}
Stlth   +++          q - +6 ring of dexterity
HPRegen 1.17/turn    u - +5 ring of evasion
MPRegen 0.00/turn

%: infuse magic (-7 HP)
@: about to teleport, flying
A: sickness immunity, fire resistance 2, cold vulnerability 1, float, innate
caster, HP casting, extra vitality 1, camouflage 1, screaming 1
a: Renounce Religion, Heroism, Finesse, Duel


You were on level 5 of the Lair of Beasts.
You worshipped Okawaru.
Okawaru was extremely pleased with you.
You visited 2 branches of the dungeon, and saw 15 of its levels.

You collected 680 gold pieces.
You spent 126 gold pieces at shops.


Innate Abilities, Weirdness & Mutations

You are immune to sickness and miasma.
You are immune to poison.
Your flesh is very heat resistant. (rF++)
You are vulnerable to cold. (rC-)
You float through the air rather than walking.
You learn spells naturally, not from books.
Your magical power is your life essence.
You have superior vitality. (+4 MHP)
Your skin changes colour to match your surroundings (Stealth+).
You occasionally shout uncontrollably at your foes.


   Skills:
 - Level 10.0 Fighting
 + Level 13.1 Ranged Weapons
 - Level 6.1 Armour
 - Level 11.0 Dodging
 - Level 0.7 Stealth
 - Level 10.0 Invocations


You knew the following spells:

 Your Spells              Type           Power      Damage    Failure   Level
a - Magic Dart            Conj           0%         1d3       65%         1
b - Blink                 Tloc           0%         N/A       78%         2
c - Mercury Vapours       Alch/Air       0%         N/A       78%         2
d - Sticky Flame          Fire/Alch      0%         2d4       100%        4
e - Borgnjor's Vile Clut  Necr/Erth      0%         N/A       100%        5
f - Alistair's Intoxicat  Alch           0%         N/A       100%        5
Your spell library was empty.

Inventory:

Hand Weapons
 r - a +3 heavy shortbow (weapon)
Armour
 a - +0 acid dragon scales
 d - a +2 pair of gloves (worn)
 h - a +1 cloak (worn)
 k - a +2 ring mail of poison resistance (worn)
 n - a +0 helmet (worn)
Jewellery
 f - the amulet "Foxipsetz" (around neck) {Regen+ Dex+2}
   (You found it on level 2 of the Dungeon)

   [amulet of regeneration]

   Dex+2:     It affects your dexterity (+2).
   Regen+:    It increases your rate of health regeneration.
 q - a +6 ring of dexterity (left hand)
 u - a +5 ring of evasion (right hand)
Wands
 b - a wand of mindburst (5)
 m - a wand of roots (16)
 p - a wand of polymorph (6)
Scrolls
 i - a scroll of identify
 j - a scroll of brand weapon
 s - 2 scrolls of teleportation
Potions
 c - 3 potions of might
 e - 11 potions of curing
 g - a potion of haste
 l - a potion of cancellation
 t - a potion of heal wounds

Dungeon Overview and Level Annotations

Branches:
Dungeon (10/15)            Temple (0/1) D:7            Lair (5/5) D:10
  Swamp (0/4) Lair:2        Snake (0/4) Lair:2          Orc (0/2) D:10
  Slime: Lair:4-5

Altars:
Cheibriados
Makhleb
Okawaru
Yredelemnul
Zin
The Shining One

Shops:
D:4 **   D:7 *   D:8 *

Annotations:
D:7 3 runed translucent doors
Lair:1 exclusion: oklob plant
Lair:2 1 runed translucent door, Rupert
Lair:4 3 runed translucent doors, qw's ghost, journeyman GrHu


Message History

The eight-headed hydra completely misses you.
The eight-headed hydra misses you.
The eight-headed hydra closely misses you.
You shoot an arrow. The arrow barely misses the cane toad.
The cane toad completely misses you. The eight-headed hydra misses you.
The eight-headed hydra bites you but does no damage.
The eight-headed hydra misses you. x2
The eight-headed hydra completely misses you.
The eight-headed hydra misses you. The eight-headed hydra bites you.
The eight-headed hydra misses you.
You shoot an arrow. The arrow hits the cane toad!!
You kill the cane toad!
Okawaru accepts your kill.
The eight-headed hydra closely misses you.
The eight-headed hydra bites you. x2; The eight-headed hydra misses you.
The eight-headed hydra completely misses you.
The eight-headed hydra closely misses you.
The eight-headed hydra bites you but does no damage.
The eight-headed hydra closely misses you.
You shoot an arrow. The arrow hits the eight-headed hydra!
The eight-headed hydra is lightly wounded.
The eight-headed hydra barely misses you.
The eight-headed hydra bites you.
The eight-headed hydra barely misses you.
The eight-headed hydra completely misses you.
The eight-headed hydra closely misses you.
The eight-headed hydra bites you!
The eight-headed hydra barely misses you.
The eight-headed hydra completely misses you.
The eight-headed hydra bites you! The eight-headed hydra bites you.
The eight-headed hydra barely misses you.
The eight-headed hydra completely misses you.
The eight-headed hydra bites you but does no damage.
The eight-headed hydra completely misses you. x2
The eight-headed hydra barely misses you.
11483 ||| READING 3 scrolls of teleportation.
As you read the scroll of teleportation, it crumbles to dust.
You feel strangely unstable. The eight-headed hydra bites you.
The eight-headed hydra bites you!
You die...

#.#.#..#P....#.#
#.....###...####...###
#.#...#..#...##....# .
#............#....# #
..##.....##.........## .
........##....##.... .
#....#.#.##.###.... .
#....##...#..#...##P
#..@.......#....#.##
#....D......|......%(.#
....................##..
.......................%
........................
..............[.......#.
..P......#P...........##
......P.###.##.........#
)....F..#.


You could see an eight-headed hydra.

Vanquished Creatures
  3 hydras
  A two-headed ogre (D:10)
  A boulder beetle (Lair:5)
  3 skysharks
  A deep elf pyromancer (D:7)
  An oklob plant (Lair:2)
  A salamander (Lair:2)
  A black mamba (Lair:3)
  17 elephants
  5 cane toads
  2 rime drakes
  4 komodo dragons
  A troll (D:8)
  2 polar bears (Lair:2)
  18 blink frogs
  A slime creature (D:7)
  Sigmund (D:4)
  36 yaks
  A wraith (D:10)
  Eustachio (D:4)
  2 wyverns (D:9)
  A human (Lair:2)
  A warg (D:10)
  2 basilisks
  2 vampire mosquitoes (D:7)
  2 acid dragons
  13 water moccasins
  3 ice beasts
  2 sky beasts (D:7)
  3 orc warriors
  6 black bears
  18 wolves
  An ogre (D:6)
  3 centaurs
  2 phantoms
  Blork the orc (D:6)
  4 kobold brigands
  19 bullfrogs
  2 gnoll sergeants
  8 scorpions
  3 wights (D:7)
  19 killer bees
  5 howler monkeys
  2 lava snakes (Lair:2)
  2 bombardier beetles
  4 hounds
  2 orc priests
  7 jellies
  A gnoll bouda (D:8)
  2 sleepcaps (D:6)
  Ijyb (D:4)
  2 iguanas
  5 orc wizards
  19 gnolls
  7 adders
  A shadow imp (D:5)
  A white imp (D:7)
  4 ufetubi (D:6)
  A ribbon worm (D:2)
  4 dart slugs
  28 orcs
  3 endoplasms
  A giant cockroach (D:4)
  9 goblins
  4 hobgoblins
  4 jackals (D:5)
  6 quokkas
  9 ball pythons
  3 bats
  3 frilled lizards (D:2)
  13 kobolds
  3 rats
374 creatures vanquished.

Vanquished Creatures (others)
  An orc wizard (D:9)
1 creature vanquished.

Grand Total: 375 creatures vanquished

Notes
Turn   | Place    | Note
-------+----------+-------------------------------------------
     0 | D:1      | qw the Djinni Hunter began the quest for the Orb.
     0 | D:1      | Reached XP level 1. HP: 18/18 MP: 0/0
     0 | D:1      | 0 ||| qw: Version: 0.3-a-135-gb77e89d
     0 | D:1      | 0 ||| qw: Game counter: 903
     0 | D:1      | 0 ||| qw: Melee chars always use a shield: true
     0 | D:1      | 0 ||| qw: God list: Okawaru
     0 | D:1      | 0 ||| qw: Allow faded altars: false
     0 | D:1      | 0 ||| qw: Do Orc after clearing Dungeon:15 true
     0 | D:1      | 0 ||| qw: Do second Lair branch before Depths: true
     0 | D:1      | 0 ||| qw: Lair rune preference: random
     0 | D:1      | 0 ||| qw: Goals: Normal
     0 | D:1      | 0 ||| PLANNING D:1-11
   122 | D:1      | Reached XP level 2. HP: 23/23 MP: 0/0
   804 | D:1      | Found a faded altar of an unknown god.
   928 | D:1      | Reached skill level 4 in Ranged Weapons
   928 | D:1      | Reached XP level 3. HP: 28/28 MP: 0/0
   928 | D:1      | Learned a level 1 spell: Magic Dart
  1044 | D:1      | 1044 ||| UPGRADING to +0 pair of gloves.
  1049 | D:1      | 1049 ||| READING scroll labelled MEAKEAPRID.
  1050 | D:1      | 1050 ||| READING scroll labelled ISTREE LAEL.
  1051 | D:1      | 1051 ||| DROPPING scroll of butterflies.
  1285 | D:2      | Identified the amulet "Foxipsetz" {Regen+ Dex+2}
  1504 | D:2      | Reached XP level 4. HP: 34/34 MP: 0/0
  1527 | D:2      | Reached skill level 3 in Fighting
  1619 | D:2      | 1619 ||| UPGRADING to +0 ring mail.
  1629 | D:2      | 1629 ||| DROPPING +0 leather armour.
  1630 | D:2      | 1630 ||| UPGRADING to amulet "Foxipsetz" {Regen+ Dex+2}.
  1635 | D:2      | 1635 ||| READING 4 scrolls labelled CAYSKAIPUN.
  1635 | D:2      | 1635 ||| IDENTIFYING brown potion
  1851 | D:3      | Reached skill level 1 in Armour
  1884 | D:3      | Identified the +5 spear "Killer Bee's Doom" {pain, rC+}
  1897 | D:3      | 1897 ||| READING 3 scrolls of identify.
  1897 | D:3      | 1897 ||| IDENTIFYING sedimented black potion
  1898 | D:3      | 1898 ||| DRINKING potion of mutation.
  1898 | D:3      | Gained mutation: You occasionally shout uncontrollably at
                  | your foes. [potion of mutation]
  1898 | D:3      | Gained mutation: Your skin changes colour to match your
                  | surroundings (Stealth+). [potion of mutation]
  1899 | D:3      | 1899 ||| READING 2 scrolls of identify.
  1899 | D:3      | 1899 ||| IDENTIFYING 2 fizzy inky potions
  1900 | D:3      | 1900 ||| DROPPING 2 potions of berserk rage.
  2064 | D:3      | Found a burning altar of Makhleb.
  2209 | D:3      | 2209 ||| READING scroll of identify.
  2209 | D:3      | 2209 ||| IDENTIFYING bubbling red potion
  2210 | D:3      | 2210 ||| DRINKING 2 lumpy sapphire potions.
  2211 | D:3      | 2211 ||| DROPPING potion of attraction.
  2235 | D:4      | Noticed Eustachio
  2236 | D:4      | 2236 ||| ZAPPING wand of flame (18) at 3,3 (Eustachio;
                  | floor).
  2237 | D:4      | 2237 ||| RETREEEEATING.
  2238 | D:4      | 2238 ||| RETREEEEATING.
  2239 | D:4      | 2239 ||| RETREEEEATING.
  2240 | D:4      | 2240 ||| RETREEEEATING.
  2241 | D:4      | 2241 ||| RETREEEEATING.
  2242 | D:4      | 2242 ||| RETREEEEATING.
  2243 | D:4      | 2243 ||| RETREEEEATING.
  2302 | D:4      | 2302 ||| ZAPPING wand of flame (17) at 1,0 (Eustachio;
                  | floor).
  2303 | D:4      | 2303 ||| ZAPPING wand of flame (16) at 1,0 (Eustachio;
                  | floor).
  2304 | D:4      | 2304 ||| ZAPPING wand of flame (15) at 1,0 (Eustachio;
                  | floor).
  2305 | D:4      | 2305 ||| ZAPPING wand of flame (14) at 1,0 (Eustachio;
                  | floor).
  2306 | D:4      | 2306 ||| ZAPPING wand of flame (13) at 1,0 (Eustachio;
                  | floor).
  2307 | D:4      | 2307 ||| FLEEEEING.
  2308 | D:4      | 2308 ||| FLEEEEING.
  2309 | D:4      | 2309 ||| FLEEEEING.
  2316 | D:4      | 2316 ||| FLEEEEING.
  2317 | D:4      | 2317 ||| FLEEEEING.
  2320 | D:4      | 2320 ||| FLEEEEING.
  2321 | D:4      | 2321 ||| ZAPPING wand of flame (12) at 7,-1 (Eustachio;
                  | floor).
  2322 | D:4      | 2322 ||| ZAPPING wand of flame (11) at 6,-1 (Eustachio;
                  | floor).
  2323 | D:4      | 2323 ||| ZAPPING wand of flame (10) at 5,-1 (Eustachio;
                  | floor).
  2324 | D:4      | 2324 ||| ZAPPING wand of flame (9) at 4,-1 (Eustachio;
                  | floor).
  2325 | D:4      | 2325 ||| ZAPPING wand of flame (8) at 3,-1 (Eustachio;
                  | floor).
  2326 | D:4      | 2326 ||| ZAPPING wand of flame (7) at 2,-1 (Eustachio;
                  | floor).
  2327 | D:4      | 2327 ||| ZAPPING wand of flame (6) at 1,-1 (Eustachio;
                  | floor).
  2328 | D:4      | 2328 ||| ZAPPING wand of flame (5) at 1,-1 (Eustachio;
                  | floor).
  2329 | D:4      | 2329 ||| ZAPPING wand of flame (4) at 1,-1 (Eustachio;
                  | floor).
  2329 | D:4      | Killed Eustachio
  2330 | D:4      | Reached XP level 5. HP: 40/40 MP: 0/0
  2330 | D:4      | Learned a level 2 spell: Blink
  2330 | D:4      | Reached XP level 6. HP: 46/46 MP: 0/0
  2611 | D:4      | Reached XP level 7. HP: 50/50 MP: 0/0
  2611 | D:4      | Learned a level 2 spell: Mercury Vapours
  2631 | D:4      | Noticed Sigmund
  2632 | D:4      | 2632 ||| ZAPPING wand of flame (3) at 1,-5 (Sigmund;
                  | floor).
  2633 | D:4      | 2633 ||| ZAPPING wand of flame (2) at 1,-4 (Sigmund;
                  | floor).
  2634 | D:4      | 2634 ||| ZAPPING wand of flame (1) at 1,-3 (Sigmund;
                  | floor).
  2637 | D:4      | Killed Sigmund
  2638 | D:4      | Reached skill level 5 in Ranged Weapons
  2675 | D:4      | Found Jiofoer's Specific Store.
  2676 | D:4      | Found Butwio's General Store.
  2685 | D:4      | 2685 ||| BUYING 2 potions of curing (84 gold).
  2685 | D:4      | Bought 2 potions of curing for 84 gold pieces
  2685 | D:4      | 2685 ||| BUYING potion of curing (42 gold).
  2685 | D:4      | Bought a potion of curing for 42 gold pieces
  2829 | D:4      | Noticed Ijyb
  2837 | D:4      | Killed Ijyb
  2936 | D:4      | 2936 ||| READING scroll of identify.
  2936 | D:4      | 2936 ||| IDENTIFYING puce potion
  2937 | D:4      | 2937 ||| READING scroll labelled OROLINUHAH.
  2937 | D:4      | 2937 ||| BRANDING +0 shortbow.
  2938 | D:4      | 2938 ||| READING 2 scrolls labelled OTHRUGH NUOHYBB.
  3039 | D:4      | 3039 ||| READING scroll labelled NYNADO DOIH.
  3040 | D:4      | 3040 ||| DROPPING potion of brilliance.
  3041 | D:4      | 3041 ||| DROPPING scroll of vulnerability.
  3044 | D:5      | Entered Level 5 of the Dungeon
  3481 | D:5      | Reached XP level 8. HP: 58/58 MP: 0/0
  3502 | D:5      | Reached skill level 6 in Ranged Weapons
  3516 | D:5      | 3516 ||| DROPPING +0 sling of freezing.
  3680 | D:5      | Found a basalt altar of Yredelemnul.
  3732 | D:5      | 3732 ||| UPGRADING to +1 cloak.
  3737 | D:5      | 3737 ||| UPGRADING to +2 ring mail of poison resistance.
  3738 | D:5      | 3738 ||| UPGRADING to +2 ring mail of poison resistance.
  3739 | D:5      | 3739 ||| UPGRADING to +2 ring mail of poison resistance.
  3740 | D:5      | 3740 ||| UPGRADING to +2 ring mail of poison resistance.
  3741 | D:5      | 3741 ||| UPGRADING to +2 ring mail of poison resistance.
  3742 | D:5      | 3742 ||| UPGRADING to +2 ring mail of poison resistance.
  3743 | D:5      | 3743 ||| UPGRADING to +2 ring mail of poison resistance.
  3744 | D:5      | 3744 ||| UPGRADING to +2 ring mail of poison resistance.
  3745 | D:5      | 3745 ||| UPGRADING to +2 ring mail of poison resistance.
  3755 | D:5      | 3755 ||| DROPPING +0 ring mail.
  3802 | D:5      | Reached skill level 7 in Ranged Weapons
  3970 | D:5      | 3970 ||| UPGRADING to ring of protection from cold.
  3971 | D:5      | 3971 ||| UPGRADING to +6 ring of strength.
  3972 | D:5      | 3972 ||| READING scroll labelled QOMAL IRAANT.
  3975 | D:5      | 3975 ||| READING scroll labelled LIENYXICEOTH.
  3975 | D:5      | 3975 ||| ENCHANTING +0 pair of gloves.
  3976 | D:5      | 3976 ||| READING scroll labelled COSKYD HEHYER.
  4017 | D:6      | 4017 ||| RETREEEEATING.
  4018 | D:6      | 4018 ||| RETREEEEATING.
  4029 | D:6      | Reached XP level 9. HP: 52/65 MP: 0/0
  4029 | D:6      | Learned a level 4 spell: Sticky Flame
  4063 | D:6      | 4063 ||| READING scroll of enchant armour.
  4063 | D:6      | 4063 ||| ENCHANTING +1 pair of gloves.
  4071 | D:6      | Reached skill level 6 in Dodging
  4252 | D:6      | Noticed Blork the orc
  4255 | D:6      | Killed Blork the orc
  4313 | D:6      | Found an iron altar of Okawaru.
  4314 | D:6      | 4314 ||| PLANNING OKAWARU WORSHIP
  4314 | D:6      | 4314 ||| READING 2 scrolls of identify.
  4314 | D:6      | 4314 ||| IDENTIFYING inky potion
  4315 | D:6      | 4315 ||| READING scroll of identify.
  4315 | D:6      | 4315 ||| IDENTIFYING clear potion
  4316 | D:6      | 4316 ||| READING 2 scrolls labelled PYEMYIVURPHU.
  4317 | D:6      | 4317 ||| DROPPING potion of degeneration.
  4318 | D:6      | 4318 ||| DROPPING scroll of poison.
  4331 | D:6      | Became a worshipper of Warmaster Okawaru
  4332 | D:6      | 4332 ||| PLANNING D:1-11
  4617 | D:7      | Found a staircase to the Ecumenical Temple.
  4633 | D:7      | Found Isir's Overcharged Wands.
  4645 | D:7      | 4645 ||| SHOPLISTING wand of mindburst (30) (630 gold, have
                  | 89).
  4645 | D:7      | 4645 ||| SHOPLISTING wand of polymorph (18) (378 gold, have
                  | 89).
  4645 | D:7      | 4645 ||| SHOPLISTING wand of quicksilver (18) (1134 gold,
                  | have 89).
  4645 | D:7      | 4645 ||| SHOPLISTING wand of roots (18) (648 gold, have
                  | 89).
  4659 | D:7      | Reached skill level 8 in Ranged Weapons
  4711 | D:7      | 4711 ||| READING scroll labelled MIAMOSTUOD.
  4726 | D:7      | 4726 ||| RETREEEEATING.
  4727 | D:7      | 4727 ||| RETREEEEATING.
  4728 | D:7      | 4728 ||| RETREEEEATING.
  4729 | D:7      | 4729 ||| RETREEEEATING.
  4730 | D:7      | 4730 ||| RETREEEEATING.
  4731 | D:7      | 4731 ||| RETREEEEATING.
  4731 | D:7      | Noticed a deep elf pyromancer
  4733 | D:7      | 4733 ||| RETREEEEATING.
  4737 | D:7      | 4737 ||| RETREEEEATING.
  4739 | D:7      | 4739 ||| RETREEEEATING.
  4740 | D:7      | 4740 ||| RETREEEEATING.
  4741 | D:7      | 4741 ||| RETREEEEATING.
  4742 | D:7      | 4742 ||| RETREEEEATING.
  4743 | D:7      | 4743 ||| RETREEEEATING.
  4744 | D:7      | 4744 ||| RETREEEEATING.
  4745 | D:7      | 4745 ||| RETREEEEATING.
  4748 | D:7      | 4748 ||| RETREEEEATING.
  4757 | D:7      | Reached skill level 6 in Fighting
  4759 | D:7      | HP: 16/66 [deep elf pyromancer/bolt of fire (9)]
  4760 | D:7      | 4760 ||| DRINKING potion of heal wounds.
  4764 | D:7      | Killed a deep elf pyromancer
  4764 | D:7      | Reached * piety under Okawaru
  4767 | D:7      | HP: 16/66 [burnt (3)]
  4770 | D:7      | HP: 2/66 [burnt (8)]
  4775 | D:7      | 4775 ||| INVOKING Heroism.
  4775 | D:7      | HP: 7/66 [black bear (3)]
  4779 | D:7      | Reached XP level 10. HP: 10/72 MP: 0/0
  4780 | D:7      | Reached skill level 9 in Ranged Weapons
  4926 | D:7      | Reached skill level 3 in Armour
  4926 | D:7      | Reached skill level 1 in Invocations
  4952 | D:7      | Found a runed translucent door.
  5016 | D:7      | Reached skill level 3 in Invocations
  5058 | D:7      | Found a glowing silver altar of Zin.
  5198 | D:7      | Found a runed translucent door.
  5208 | D:7      | Identified the +1 glaive of Innocence {flame, rCorr MP+9
                  | Int+3}
  5208 | D:7      | Identified the +5 scale mail of Omoapt {rElec rCorr}
  5273 | D:7      | Found a runed translucent door.
  5277 | D:7      | Identified the +3 broad axe of the Vendetta {pain, rC+ rN+}
  5373 | D:7      | 5373 ||| UPGRADING to +0 helmet.
  5378 | D:7      | 5378 ||| UPGRADING to ring of willpower.
  5380 | D:7      | 5380 ||| UPGRADING to +6 ring of dexterity.
  5382 | D:7      | 5382 ||| UPGRADING to ring of protection from cold.
  5384 | D:7      | 5384 ||| READING scroll of identify.
  5384 | D:7      | 5384 ||| IDENTIFYING orange potion
  5385 | D:7      | 5385 ||| READING scroll labelled YTOHES WITO QOS.
  5561 | D:8      | Reached ** piety under Okawaru
  5582 | D:8      | Found Rohuo's General Store.
  5595 | D:8      | 5595 ||| SHOPLISTING +0 leather armour of Weokli {Regen+
                  | Str+3 Dex-2 Slay+5} (353 gold, have 140).
  5785 | D:8      | 5785 ||| INVOKING Heroism.
  5982 | D:8      | Reached *** piety under Okawaru
  6015 | D:8      | Reached XP level 11. HP: 76/79 MP: 0/0
  6015 | D:8      | Learned a level 5 spell: Borgnjor's Vile Clutch
  6072 | D:8      | Reached skill level 10 in Ranged Weapons
  6086 | D:8      | Found a glowing golden altar of the Shining One.
  6225 | D:8      | 6225 ||| READING scroll of identify.
  6225 | D:8      | 6225 ||| IDENTIFYING purple potion
  6226 | D:8      | 6226 ||| READING scroll labelled ULOTHRUOZU.
  6348 | D:9      | Identified the +6 short sword "Loopy" {vamp, *Rage Will+
                  | Str+6}
  6375 | D:9      | 6375 ||| SWAPPING to +2 heavy shortbow.
  6376 | D:9      | 6376 ||| DROPPING +0 heavy shortbow.
  6521 | D:9      | Reached **** piety under Okawaru
  6593 | D:9      | 6593 ||| FLEEEEING.
  6914 | D:10     | Entered Level 10 of the Dungeon
  6950 | D:10     | 6950 ||| RETREEEEATING.
  6954 | D:10     | 6954 ||| RETREEEEATING.
  6961 | D:10     | Noticed a two-headed ogre
  6967 | D:10     | 6967 ||| INVOKING Finesse.
  6968 | D:10     | 6968 ||| INVOKING Finesse.
  6972 | D:10     | Killed a two-headed ogre
  7033 | D:10     | Found a staircase to the Lair.
  7059 | D:10     | Reached ***** piety under Okawaru
  7060 | D:10     | Reached skill level 9 in Dodging
  7152 | D:10     | Found a snail-covered altar of Cheibriados.
  7213 | D:10     | 7213 ||| RETREEEEATING.
  7214 | D:10     | 7214 ||| RETREEEEATING.
  7260 | D:10     | Found a staircase to the Orcish Mines.
  7306 | D:10     | 7306 ||| RETREEEEATING.
  7307 | D:10     | 7307 ||| RETREEEEATING.
  7309 | D:10     | 7309 ||| RETREEEEATING.
  7310 | D:10     | 7310 ||| RETREEEEATING.
  7311 | D:10     | 7311 ||| RETREEEEATING.
  7317 | D:10     | 7317 ||| RETREEEEATING.
  7318 | D:10     | 7318 ||| RETREEEEATING.
  7319 | D:10     | 7319 ||| RETREEEEATING.
  7320 | D:10     | 7320 ||| RETREEEEATING.
  7321 | D:10     | 7321 ||| RETREEEEATING.
  7322 | D:10     | 7322 ||| RETREEEEATING.
  7323 | D:10     | 7323 ||| RETREEEEATING.
  7331 | D:10     | Reached skill level 6 in Invocations
  7546 | D:10     | 7546 ||| PLANNING LAIR
  7560 | Lair:1   | Entered Level 1 of the Lair of Beasts
  7563 | Lair:1   | 7563 ||| STAIRDANCE
  7579 | Lair:1   | 7579 ||| STAIRDANCE
  7825 | Lair:1   | 7825 ||| RETREEEEATING.
  7826 | Lair:1   | 7826 ||| RETREEEEATING.
  7828 | Lair:1   | 7828 ||| RETREEEEATING.
  7839 | Lair:1   | Received a gift from Okawaru
  7840 | Lair:1   | Reached XP level 12. HP: 85/86 MP: 0/0
  7874 | Lair:1   | 7874 ||| FLEEEEING.
  8494 | Lair:1   | 8494 ||| DROPPING +6 ring of strength.
  8495 | Lair:1   | 8495 ||| UPGRADING to +5 ring of evasion.
  8497 | Lair:1   | 8497 ||| DROPPING ring of willpower.
  8498 | Lair:1   | 8498 ||| DROPPING ring of protection from cold.
  8499 | Lair:1   | 8499 ||| READING 2 scrolls of identify.
  8499 | Lair:1   | 8499 ||| IDENTIFYING scroll labelled OHYMEIWKUG
  8500 | Lair:1   | 8500 ||| READING scroll of enchant weapon.
  8500 | Lair:1   | 8500 ||| ENCHANTING +2 heavy shortbow.
  8534 | Lair:2   | 8534 ||| INVOKING Finesse.
  8535 | Lair:2   | 8535 ||| INVOKING Heroism.
  8538 | Lair:2   | Reached skill level 11 in Ranged Weapons
  8547 | Lair:2   | Found a staircase to the Swamp.
  8561 | Lair:2   | Noticed a skyshark
  8577 | Lair:2   | 8577 ||| INVOKING Finesse.
  8578 | Lair:2   | Killed a skyshark
  8618 | Lair:2   | 8618 ||| RETREEEEATING.
  8619 | Lair:2   | 8619 ||| RETREEEEATING.
  8621 | Lair:2   | 8621 ||| RETREEEEATING.
  8622 | Lair:2   | 8622 ||| RETREEEEATING.
  8623 | Lair:2   | 8623 ||| RETREEEEATING.
  8631 | Lair:2   | 8631 ||| RETREEEEATING.
  8632 | Lair:2   | 8632 ||| RETREEEEATING.
  8661 | Lair:2   | Received a gift from Okawaru
  8664 | Lair:2   | Reached skill level 9 in Fighting
  8697 | Lair:2   | 8697 ||| INVOKING Finesse.
  8698 | Lair:2   | 8698 ||| INVOKING Heroism.
  8713 | Lair:2   | Reached skill level 9 in Invocations
  8772 | Lair:2   | 8772 ||| RETREEEEATING.
  8936 | Lair:2   | 8936 ||| RETREEEEATING.
  9147 | Lair:2   | 9147 ||| FLEEEEING.
  9148 | Lair:2   | 9148 ||| FLEEEEING.
  9149 | Lair:2   | 9149 ||| FLEEEEING.
  9182 | Lair:2   | Found a staircase to the Snake Pit.
  9319 | Lair:2   | Found a runed translucent door.
  9319 | Lair:2   | Noticed Rupert
  9331 | Lair:2   | Received a gift from Okawaru
  9492 | Lair:2   | 9492 ||| READING 2 scrolls of identify.
  9492 | Lair:2   | 9492 ||| IDENTIFYING scroll labelled KUCVORINEM
  9493 | Lair:2   | 9493 ||| DROPPING scroll of amnesia.
  9528 | Lair:3   | 9528 ||| RETREEEEATING.
  9529 | Lair:3   | 9529 ||| RETREEEEATING.
  9530 | Lair:3   | 9530 ||| RETREEEEATING.
  9531 | Lair:3   | 9531 ||| RETREEEEATING.
  9532 | Lair:3   | 9532 ||| RETREEEEATING.
  9533 | Lair:3   | 9533 ||| RETREEEEATING.
  9534 | Lair:3   | 9534 ||| RETREEEEATING.
  9535 | Lair:3   | 9535 ||| RETREEEEATING.
  9536 | Lair:3   | 9536 ||| RETREEEEATING.
  9537 | Lair:3   | 9537 ||| RETREEEEATING.
  9538 | Lair:3   | 9538 ||| RETREEEEATING.
  9539 | Lair:3   | 9539 ||| RETREEEEATING.
  9540 | Lair:3   | 9540 ||| RETREEEEATING.
  9541 | Lair:3   | 9541 ||| RETREEEEATING.
  9542 | Lair:3   | 9542 ||| INVOKING Finesse.
  9543 | Lair:3   | 9543 ||| INVOKING Heroism.
  9556 | Lair:3   | Reached XP level 13. HP: 81/94 MP: 0/0
  9556 | Lair:3   | Learned a level 5 spell: Alistair's Intoxication
  9619 | Lair:3   | 9619 ||| RETREEEEATING.
  9620 | Lair:3   | 9620 ||| RETREEEEATING.
  9621 | Lair:3   | 9621 ||| RETREEEEATING.
  9622 | Lair:3   | 9622 ||| RETREEEEATING.
  9623 | Lair:3   | 9623 ||| RETREEEEATING.
  9624 | Lair:3   | 9624 ||| RETREEEEATING.
  9625 | Lair:3   | 9625 ||| RETREEEEATING.
  9626 | Lair:3   | 9626 ||| RETREEEEATING.
  9627 | Lair:3   | 9627 ||| RETREEEEATING.
  9628 | Lair:3   | 9628 ||| RETREEEEATING.
  9629 | Lair:3   | 9629 ||| RETREEEEATING.
  9630 | Lair:3   | 9630 ||| RETREEEEATING.
  9631 | Lair:3   | 9631 ||| RETREEEEATING.
  9632 | Lair:3   | 9632 ||| RETREEEEATING.
  9633 | Lair:3   | 9633 ||| RETREEEEATING.
  9634 | Lair:3   | 9634 ||| RETREEEEATING.
  9635 | Lair:3   | 9635 ||| INVOKING Finesse.
  9636 | Lair:3   | 9636 ||| RETREEEEATING.
  9637 | Lair:3   | 9637 ||| RETREEEEATING.
  9638 | Lair:3   | 9638 ||| RETREEEEATING.
  9640 | Lair:3   | 9640 ||| RETREEEEATING.
  9641 | Lair:3   | 9641 ||| RETREEEEATING.
  9642 | Lair:3   | 9642 ||| RETREEEEATING.
  9643 | Lair:3   | 9643 ||| RETREEEEATING.
  9644 | Lair:3   | 9644 ||| RETREEEEATING.
  9660 | Lair:3   | Reached skill level 12 in Ranged Weapons
  9774 | Lair:3   | Noticed an eight-headed hydra
  9775 | Lair:3   | 9775 ||| INVOKING Finesse.
  9783 | Lair:3   | Killed an eight-headed hydra
  9783 | Lair:3   | Received a gift from Okawaru
 10422 | Lair:3   | 10422 ||| READING 3 scrolls of identify.
 10422 | Lair:3   | 10422 ||| IDENTIFYING glowing coppery potion
 10423 | Lair:3   | 10423 ||| READING 2 scrolls of identify.
 10423 | Lair:3   | 10423 ||| IDENTIFYING fuming puce potion
 10424 | Lair:3   | 10424 ||| READING scroll of identify.
 10424 | Lair:3   | 10424 ||| IDENTIFYING scroll labelled DIGO XAON FAIRGH
 10425 | Lair:3   | 10425 ||| DROPPING potion of ambrosia.
 10426 | Lair:3   | 10426 ||| DROPPING potion of lignification.
 10427 | Lair:3   | 10427 ||| DROPPING scroll of torment.
 10520 | Lair:4   | 10520 ||| RETREEEEATING.
 10521 | Lair:4   | 10521 ||| RETREEEEATING.
 10522 | Lair:4   | 10522 ||| RETREEEEATING.
 10526 | Lair:4   | 10526 ||| RETREEEEATING.
 10527 | Lair:4   | 10527 ||| RETREEEEATING.
 10567 | Lair:4   | 10567 ||| RETREEEEATING.
 10569 | Lair:4   | Noticed a four-headed hydra
 10570 | Lair:4   | 10570 ||| RETREEEEATING.
 10571 | Lair:4   | 10571 ||| INVOKING Finesse.
 10606 | Lair:4   | Noticed a four-headed hydra
 10615 | Lair:4   | Killed a four-headed hydra
 10621 | Lair:4   | Killed a four-headed hydra
 10688 | Lair:4   | Identified the +0 chain mail of Divine Intervention {rN+
                  | Regen+}
 10706 | Lair:4   | Found a runed translucent gate.
 10706 | Lair:4   | Found a runed translucent gate.
 10706 | Lair:4   | Found a runed translucent gate.
 10712 | Lair:4   | Noticed qw's ghost (journeyman GrHu)
 11242 | Lair:5   | Entered Level 5 of the Lair of Beasts
 11246 | Lair:5   | 11246 ||| STAIRDANCE
 11318 | Lair:5   | Received a gift from Okawaru
 11325 | Lair:5   | 11325 ||| RETREEEEATING.
 11326 | Lair:5   | 11326 ||| RETREEEEATING.
 11327 | Lair:5   | 11327 ||| RETREEEEATING.
 11329 | Lair:5   | 11329 ||| RETREEEEATING.
 11330 | Lair:5   | 11330 ||| RETREEEEATING.
 11337 | Lair:5   | Reached XP level 14. HP: 94/103 MP: 0/0
 11346 | Lair:5   | Reached skill level 13 in Ranged Weapons
 11418 | Lair:5   | 11418 ||| RETREEEEATING.
 11430 | Lair:5   | Reached skill level 6 in Armour
 11482 | Lair:5   | HP: 24/103 [eight-headed hydra (9)]
 11482 | Lair:5   | HP: 9/103 [eight-headed hydra (3)]
 11483 | Lair:5   | 11483 ||| READING 3 scrolls of teleportation.
 11483 | Lair:5   | Mangled by an eight-headed hydra

Levels and vault maps discovered:
D:1:      wheals_arrival_linesprint, layout_basic,
          hellmonk_ecumenical_altar_pennies_from_heaven,
          nicolae_figureground_sparkle
D:2:      layout_basic
D:3:      layout_rooms, lemuel_tele_altar, serial_glass, glass_columns_a,
          glass_columns_a, nicolae_eternal_life
D:4:      layout_basic, nicolae_specific_store, kennysheep_cluttered_room,
          uniq_eustachio, uniq_ijyb, uniq_sigmund
D:5:      layout_loops_corners, minitemple, minivault_24,
          kennysheep_generic_room_16
D:6:      layout_basic, mainiacjoe_overflow_chevrons, uniq_blork_the_orc
D:7:      minmay_the_grid_four_pointed_star
          [minmay_the_grid_triangle_9x9_negative_grid,
          minmay_the_grid_triangle_9x9_cache,
          minmay_the_grid_triangle_9x9_fully_insulated_deathbox,
          minmay_the_grid_triangle_9x9_impossible_snake,
          minmay_the_grid_prize_four_corners_diamond_b], layout_rooms,
          lemuel_doored_altar, temple_fountains,
          serial_library_hellmonk_statue_hall, nicolae_shop_overcharged_wands
D:8:      layout_basic, nicolae_tso_carved_into_rock, serial_shops,
          nicolae_shop_peninsula, minmay_checkerbox
D:9:      layout_loops_ring, lemuel_flamethrower_2
D:10:     layout_roguey, kennysheep_slug_shrine, lair_entry_dummy,
          minmay_orc_entry_guard_dogs
Lair:1:   layout_concentric_octagons, grunt_megastairs_1
Lair:2:   layout_loops_ring, swamp_mist, nicolae_snake_entry_warm_welcome,
          nicolae_quartered_pool_medium, small_statue_intersection,
          pdpol_lair_cabin_in_the_woods
Lair:3:   layout_roguey, pdpol_lair_neglected_garden,
          grunt_forest_small_clearings, beast_lair_carwin_7
Lair:4:   layout_misc_corridors, gammafunk_ghost_necromancy
Lair:5:   evilmike_catoblepas_cave, layout_regular_city,
          nicolae_slime_entry_slimehenge, lemuel_fruit_fields

Skill      XL: |  1  2  3  4  5  6  7  8  9 10 11 12 13 14 |
---------------+-------------------------------------------+-----
Ranged Weapons | 4 5 7 8 9 10 11 12 13 | 13.1
Fighting       | 3 4 5 6 7 8 9 10 | 10.0
Armour         | 1 2 3 4 5 6 |  6.1
Dodging        | 5 6 8 9 10 11 | 11.0
Invocations    | 4 6 9 10 | 10.0
Stealth        | |  0.7

Action                     |  1- 3 |  4- 6 |  7- 9 | 10-12 | 13-15 || total
---------------------------+-------+-------+-------+-------+-------++-------
   Fire: Shortbow          |    90 |   157 |   247 |   613 |   356 ||  1463
 Invoke: Heroism           |       |       |     1 |     4 |       ||     5
         Finesse           |       |       |       |     5 |     3 ||     8
  Evoke: Wand              |       |    15 |     3 |       |       ||    18
    Use: Scroll            |     2 |     4 |    12 |     7 |     4 ||    29
         Potion            |       |     2 |     1 |       |       ||     3
 Armour: Leather armour    |    15 |     1 |       |       |       ||    16
         Ring mail         |       |    92 |   135 |   291 |   192 ||   710
  Dodge: Dodged            |    28 |    88 |   195 |   622 |   593 ||  1526

Table legend:
 A = Non-vault XP
 B = Vault XP
 C = Vault XP percentage of total XP
 D = Non-vault monster count
 E = Vault monster count
 F = Vault count percentage of total count
                 A         B        C        D         E       F
            +---------+---------+-------+---------+---------+-------
      Total |   43843 |    6162 |  12.3 |     330 |      44 |  11.8
            +---------+---------+-------+---------+---------+-------
        D:1 |      30 |       0 |   0.0 |      18 |       0 |   0.0
        D:2 |      60 |       0 |   0.0 |      19 |       0 |   0.0
        D:3 |      30 |       0 |   0.0 |       9 |       0 |   0.0
        D:4 |     193 |     473 |  71.0 |      14 |       3 |  17.6
        D:5 |     977 |      45 |   4.4 |      28 |       1 |   3.4
        D:6 |     810 |      99 |  10.9 |      31 |       1 |   3.1
        D:7 |    1052 |    1687 |  61.6 |      17 |      11 |  39.3
        D:8 |    2298 |     413 |  15.2 |      34 |       4 |  10.5
        D:9 |    1690 |       0 |   0.0 |      24 |       0 |   0.0
       D:10 |    3575 |     434 |  10.8 |      18 |       4 |  18.2
     Lair:1 |    3069 |     471 |  13.3 |      15 |       2 |  11.8
     Lair:2 |    7847 |    1097 |  12.3 |      28 |       6 |  17.6
     Lair:3 |    8024 |    1238 |  13.4 |      28 |       7 |  20.0
     Lair:4 |    8929 |       0 |   0.0 |      32 |       0 |   0.0
     Lair:5 |    5259 |     205 |   3.8 |      15 |       5 |  25.0
            +---------+---------+-------+---------+---------+-------
